 Dungeon Crawl Stone Soup version 0.21.1-1-g345015f (webtiles) character file.

3456 wojtek the Cleaver (level 9, -2/79 HPs)
             Began as a Minotaur Fighter on Apr 8, 2018.
             Was a Believer of Makhleb.
             Slain by a two-headed ogre
             ... wielding a +0 giant club
              (21 damage)
             ... on level 6 of the Dungeon.
             The game lasted 00:11:42 (8172 turns).

wojtek the Cleaver (Minotaur Fighter)               Turns: 8172, Time: 00:11:43

Health: -2/79      AC: 13    Str: 24      XL:     9   Next: 78%
Magic:  13/13      EV:  7    Int:  4 (5)  God:    Makhleb [**....]
Gold:   345        SH:  9    Dex: 10      Spells: 8/8 levels left

rFire    . . .     SeeInvis .   a - +1 war axe
rCold    . . .     Gourm    .   c - +0 shield
rNeg     . . .     Faith    .   A - +0 plate armour
rPois    .         Spirit   .   (helmet restricted)
rElec    .         Reflect  .   (no cloak)
rCorr    .         Harm     .   (no gloves)
MR       .....                  (no boots)
Stlth    ..........             (no amulet)
HPRegen  0.23/turn              q - ring of flight
MPRegen  0.13/turn              (no ring)

@: no status effects
A: retaliatory headbutt, horns 2
a: Minor Destruction, Renounce Religion, Evoke Flight


You were on level 6 of the Dungeon.
You worshipped Makhleb.
Makhleb was pleased with you.
You were hungry.

You visited 2 branches of the dungeon, and saw 9 of its levels.
You also visited: Sewer.

You collected 345 gold pieces.

Inventory:

Hand Weapons
 a - a +1 war axe (weapon)
Armour
 c - a +0 shield (worn)
 w - a +1 chain mail of positive energy
 A - a +0 plate armour (worn)
 G - a +2 large shield
Jewellery
 q - a ring of flight (left hand)
 B - an uncursed ring of positive energy {unknown}
Wands
 u - a wand of enslavement (13)
Scrolls
 b - 2 scrolls of amnesia {unknown}
 e - 2 scrolls of identify
 g - 4 scrolls of enchant weapon
 h - a scroll of fog {unknown}
 k - 5 scrolls of remove curse
 l - 5 scrolls of teleportation
 p - 3 scrolls of enchant armour
 s - 3 scrolls of fear
 z - a scroll of immolation {unknown}
 E - a scroll of magic mapping {unknown}
Potions
 d - 2 potions of might
 i - a potion of lignification {unknown}
 j - a potion of heal wounds
 m - a potion of agility {unknown}
 n - 3 potions of cancellation {unknown}
 r - 2 potions of magic {unknown}
 t - 3 potions of haste
 v - a potion of invisibility {unknown}
 x - 4 potions of curing
 C - 2 potions of mutation {unknown}
 F - a potion of flight {unknown}
Books
 y - a book of Maledictions

   Spells                             Type                      Level
   a - Corona                         Hexes                        1
   b - Ensorcelled Hibernation        Hexes/Ice                    2
   c - Confuse                        Hexes                        3
   d - Tukima's Dance                 Hexes                        3
   e - Dazzling Spray                 Conjuration/Hexes            3
 D - a book of Changes

   Spells                             Type                      Level
   a - Beastly Appendage              Transmutation                1
   b - Sticks to Snakes               Transmutation                2
   c - Spider Form                    Transmutation/Poison         3
   d - Ice Form                       Ice/Transmutation            4
   e - Blade Hands                    Transmutation                5
Comestibles
 f - 19 rations
 o - 5 chunks of flesh


   Skills:
 + Level 7.3 Fighting
 + Level 9.7 Axes
 + Level 7.3 Armour
 + Level 5.7 Dodging
 - Level 3.6 Shields
 * Level 6.9 Invocations


You had 8 spell levels left.
You didn't know any spells.

Dungeon Overview and Level Annotations

Branches:
Dungeon (8/15)             Temple (1/1) D:4
   Lair: D:8-11

Altars:
Ashenzari
Cheibriados
Dithmenos
Elyvilon
Fedhas
Gozag
Hepliaklqana
Kikubaaqudgha
Makhleb
Nemelex Xobeh
Okawaru
Qazlal
Ru
Sif Muna
Trog
Uskayaw
Vehumet
Wu Jian
Xom
Yredelemnul
Zin
The Shining One

Shops:
D:6 }

Annotations:
D:6 Prince Ribbit


Innate Abilities, Weirdness & Mutations

You reflexively headbutt those who attack you in melee.
You have a pair of horns on your head.


Message History

Some of the chunks of flesh in your inventory have rotted away.
Things that are here:
14 arrows; an uncursed shortbow
There is an open door here.
Evoke which item? (* to show all) (? for menu, Esc to quit)
Aiming: Enslavement
Press: ? - help, Shift-Dir - straight line, f - two-headed ogre
Aim: a two-headed ogre, wielding a giant club and a giant spiked club (chance to defeat MR: 28%)
The two-headed ogre easily resists.
The two-headed ogre hits you with a giant club!!
* * * LOW HITPOINT WARNING * * *
The two-headed ogre hits you with a giant spiked club!
* * * LOW HITPOINT WARNING * * *
Things that are here:
14 arrows; an uncursed shortbow
There is an open door here.
Things that are here:
14 arrows; an uncursed shortbow The two-headed ogre hits you with a giant club!!
You die...

### ### #.########.#
#...#......#
#.#.#.####.# #.#.#.#
#.# #.###.# #.#
###.....# #.#
#####..((((.####@#####
............(..O.....#
#####..>!............#
..##.................#
#...........####.#####
..#.........####.#
#...........##.#.#
..#..#+#.#####.#.#
#....#.#.# #.#.#


You could see a two-headed ogre.

Vanquished Creatures
  Sigmund (D:6)
  2 hogs (D:7)
  2 yaks (D:7)
  Eustachio (D:6)
  A human (D:7)
  Duvessa (D:7)
  2 sky beasts
  An ice beast (D:6)
  3 phantoms
  The ghost of Curus the Slasher, an amateur MiAK of Lugonu (D:3)
  2 ogres
  A centaur (D:6)
  2 bullfrogs (D:6)
  Dowan (D:7)
  4 scorpions
  5 killer bees (D:7)
  2 howler monkeys (D:5)
  A crimson imp (D:5)
  2 jellies
  A bullfrog zombie (D:7)
  A hound (D:3)
  3 centaur skeletons
  An orc priest (D:4)
  4 orc wizards
  An iguana (D:6)
  A worker ant (D:3)
  2 hound skeletons
  A howler monkey zombie (D:7)
  3 gnolls (D:4)
  8 adders
  5 river rats
  2 shadow imps (D:5)
  4 oozes
  7 worms
  3 dart slugs
  4 leopard geckos
  20 orcs
  3 ball pythons
  6 giant cockroaches
  13 goblins
  16 hobgoblins
  2 quokkas
  6 bats
  3 frilled lizards (D:2)
  A jackal skeleton (D:6)
  16 kobolds
  A leopard gecko zombie (D:6)
  9 rats
182 creatures vanquished.

Notes
Turn   | Place    | Note
-------+----------+-------------------------------------------
     0 | D:1      | wojtek the Minotaur Fighter began the quest for the Orb.
     0 | D:1      | Reached XP level 1. HP: 19/19 MP: 0/0
    51 | D:1      | Reached skill level 3 in Axes
   104 | D:1      | Reached XP level 2. HP: 22/26 MP: 1/1
   410 | D:1      | Reached skill level 4 in Axes
   626 | D:1      | Reached XP level 3. HP: 29/31 MP: 2/2
  1173 | D:2      | Reached skill level 5 in Axes
  1284 | D:2      | Reached XP level 4. HP: 16/39 MP: 3/3
  1618 | D:2      | Found a stormy altar of Qazlal.
  1937 | D:3      | Noticed Curus's ghost (amateur MiAK)
  2206 | D:3      | Killed Curus's ghost
  2206 | D:3      | Reached skill level 6 in Axes
  2206 | D:3      | Reached XP level 5. HP: 35/45 MP: 4/4
  2388 | D:3      | Reached skill level 7 in Axes
  2833 | D:4      | Noticed an ogre
  3045 | D:3      | Killed an ogre
  3045 | D:3      | Reached skill level 1 in Dodging
  3045 | D:3      | Reached XP level 6. HP: 29/52 MP: 5/5
  3193 | D:4      | Found a snail-covered altar of Cheibriados.
  3193 | D:4      | Found a faded altar of an unknown god.
  3198 | D:4      | Found a faded altar of an unknown god.
  3200 | D:4      | Found a shimmering altar of Xom.
  3202 | D:4      | Found an opulent altar of Gozag.
  3570 | D:4      | Found a staircase to the Ecumenical Temple.
  3617 | Temple   | Entered the Ecumenical Temple
  3793 | Temple   | Became a worshipper of Makhleb the Destroyer
  3821 | D:4      | Reached XP level 7. HP: 57/60 MP: 6/6
  3920 | D:4      | Found a sparkling altar of Nemelex Xobeh.
  3924 | D:4      | Found a shadowy altar of Dithmenos.
  3960 | D:4      | Reached skill level 1 in Invocations
  4366 | D:5      | Entered Level 5 of the Dungeon
  4430 | D:5      | Reached skill level 8 in Axes
  4861 | D:5      | Reached skill level 5 in Armour
  4882 | D:5      | Reached skill level 5 in Fighting
  5245 | D:6      | You fall through a shaft!
  5342 | D:7      | Reached XP level 8. HP: 57/68 MP: 9/9
  5480 | D:7      | Noticed Dowan
  5481 | D:7      | Noticed Duvessa
  5494 | D:7      | Killed Duvessa
  5506 | D:7      | Killed Dowan
  5541 | D:6      | Reached * piety under Makhleb
  5587 | D:6      | Found a glowing drain.
  5603 | Sewer    | Entered a sewer
  6123 | D:6      | Noticed Prince Ribbit
  6162 | D:6      | Found Byugesk's Gadget Boutique.
  6219 | D:6      | Found a blossoming altar of Fedhas.
  6265 | D:6      | Reached skill level 9 in Axes
  6265 | D:6      | Reached skill level 5 in Invocations
  6359 | D:6      | Noticed Eustachio
  6432 | D:6      | Killed Eustachio
  6432 | D:6      | Reached XP level 9. HP: 22/78 MP: 10/12
  6640 | D:5      | Found a snail-covered altar of Cheibriados.
  6738 | D:6      | Noticed Sigmund
  6749 | D:6      | Killed Sigmund
  6749 | D:6      | Reached ** piety under Makhleb
  7562 | D:7      | Reached skill level 5 in Dodging
  8064 | D:8      | Noticed a two-headed ogre
  8070 | D:8      | Noticed a two-headed ogre
  8172 | D:6      | Slain by a two-headed ogre

Skill      XL: |  1  2  3  4  5  6  7  8  9 |
---------------+----------------------------+-----
Axes           | 3 4 5 6 7 8 9 |  9.7
Fighting       | 4 5 6 7 |  7.3
Armour         | 4 5 6 7 |  7.3
Dodging        | 1 2 3 4 5 |  5.7
Invocations    | 3 5 6 |  6.9
Shields        | |  3.6

Action                   |  1- 3 |  4- 6 |  7- 9 || total
-------------------------+-------+-------+-------++-------
Melee: War axe           |    82 |    98 |   456 ||   636
       Headbutt          |    15 |    15 |    85 ||   115
Evoke: Wand              |       |       |     1 ||     1
  Use: Scroll            |       |       |     7 ||     7
       Potion            |       |       |     3 ||     3
  Eat: Chunk             |     1 |     7 |    12 ||    20
       Ration            |       |       |     1 ||     1
Armor: Scale mail        |    34 |    26 |       ||    60
       Chain mail        |       |    19 |    24 ||    43
       Plate armour      |       |       |   225 ||   225
Dodge: Dodged            |    17 |    24 |   101 ||   142
Block: Shield            |    33 |    50 |   239 ||   322
